 Dungeon Sprint DCSS version 0.31-a0-963-ga325b2283a (webtiles) character file.

Game seed: 16184752293423417249

14322 sircluck the Brawler (level 11, 0/130 HPs)
             Began as a Troll Berserker on Oct 25, 2023.
             Was the Champion of Trog.
             Slain by a wyvern (14 damage)
             ... in the Dungeon (Sprint VII: "The Pits").
             The game lasted 00:08:14 (1578 turns).

sircluck the Brawler (Troll Berserker)              Turns: 1578, Time: 00:08:15

Health: 0/130      AC:  6    Str: 32    XL:     11   Next: 87%
Magic:  10/10      EV: 15    Int:  3    God:    Trog [******]
Gold:   28         SH:  0    Dex: 12    Spells: 10/10 levels left

rFire   . .          .
                       - Unarmed
rCold   . . .        (no shield)
rNeg    . . .        a - +0 animal skin
rPois   .            m - +2 hat {SInv}
rElec   .            (no cloak)
rCorr   .            (gloves unavailable)
SInv    +            (boots unavailable)
Will    +....        (no amulet)
Stlth   +            l - +3 ring of strength
HPRegen 1.21/turn    k - +3 ring of dexterity
MPRegen 0.12/turn

%: no teleportation
@: no status effects
A: large, unfitting armour, claws 3, regeneration 1, shaggy fur 1, tough skin 1,
strong-willed 1, weak 1, inability to drink after injury 1
a: Renounce Religion, Berserk, Trog's Hand, Brothers in Arms


You were in the Dungeon.
You worshipped Trog.
Trog was exalted by your worship.
You visited 1 branch You collected 28 gold pieces.

Inventory:

Armour
 a - a +0 animal skin (worn)
 m - a +2 hat of see invisible (worn)
Jewellery
 k - a +3 ring of dexterity (right claw)
 l - a +3 ring of strength (left claw)
 o - an amulet of magic regeneration
 p - a ring of see invisible
 r - a ring of positive energy
Wands
 n - a wand of polymorph (11)
Scrolls
 g - 2 scrolls of blinking
 i - 2 scrolls of vulnerability
 j - a scroll of butterflies
 q - 2 scrolls of identify
 s - 2 scrolls of fear
 t - 6 scrolls of enchant weapon
 v - 2 scrolls of enchant armour
Potions
 b - 10 potions of curing
 c - 12 potions of heal wounds
 d - a potion of haste
 e - 4 potions of magic
 f - 6 potions of berserk rage
 h - 2 potions of invisibility
 u - a potion of resistance


   Skills:
 + Level 14.1 Fighting
 + Level 10.0 Armour
 + Level 14.0 Dodging
 + Level 16.4 Unarmed Combat


You had 10 spell levels left.
You didn't know any spells.
Your spell library was empty.

Dungeon Overview and Level Annotations

Branches:
Dungeon (1/1)

Altars:
Ashenzari
Cheibriados
Dithmenos
Elyvilon
Fedhas
Gozag
Hepliaklqana
Kikubaaqudgha
Makhleb
Nemelex Xobeh
Okawaru
Qazlal
Ru
Sif Muna
Trog
Uskayaw
Vehumet
Wu Jian
Xom
Yredelemnul
Zin
The Shining One
Jiyva
Lugonu


Innate Abilities, Weirdness & Mutations

You are too large for most types of armour.
You have claws for hands.
Your natural rate of healing is unusually fast.
You are covered in fur. (AC +1)
You have tough skin. (AC +1)
You are strong-willed. (Will+)
You are weak. (Str -2)
You occasionally lose the ability to drink potions when taking damage.


Message History

The wyvern bites you!
* * * LOW HITPOINT WARNING * * *
Joseph hits you with a +0 quarterstaff.
* * * LOW HITPOINT WARNING * * *
Unknown command.
You feel much better. The wyvern closely misses you. x2
Joseph closely misses you.
Unknown command.
You claw Joseph!
Joseph is almost dead.
The wyvern bites you!
* * * LOW HITPOINT WARNING * * *
Unknown command.
You closely miss Joseph.
Joseph is almost dead.
Joseph closely misses you. The wyvern bites you.
* * * LOW HITPOINT WARNING * * *
Unknown command.
Unknown command.
You feel much better.
The wyvern bites you but does no damage.
Joseph shouts, "Wow!"
Joseph hits you with a +0 quarterstaff!
* * * LOW HITPOINT WARNING * * *
You mangle Joseph!!
You kill Joseph!
Trog accepts your kill. The wyvern closely misses you.
Your Armour skill increases to level 10!
You barely miss the wyvern. Your claw misses the wyvern.
The wyvern closely misses you.
You mangle the wyvern!!
The wyvern is almost dead.
The wyvern barely misses you.
You scratch the wyvern but do no damage.
The wyvern is almost dead.
The wyvern bites you!
* * * LOW HITPOINT WARNING * * *
The wyvern bites you!
You die...

#..# #..# #..# ###### #..#
.##..# #..# .##..# #..#
.''..# #l)#
.†'..##########.@#
.##..............#
.##..............#
##################
#############################
....#......#.......#!.......#
....'....))#.......#.....!..#
#...#####'##.......#####'####
#..........)......).........#


You could see a wyvern.

Vanquished Creatures
  Gastronok (D)
  Josephine (D)
  2 death yaks (D)
  A shadow wraith (D)
  A bog body (D)
  Joseph (D)
  A smoke demon (D)
  An orange demon (D)
  A kobold demonologist (D)
  An ice devil (D)
  An unseen horror (D)
  A freezing wraith (D)
  A komodo dragon (D)
  2 glass eyes (D)
  A jumping spider (D)
  A wyvern (D)
  A flying skull (D)
  A shadow (D)
  A wraith (D)
  2 fire bats (D)
  4 yaks (D)
  2 redbacks (D)
  Grum (D)
  Eustachio (D)
  A warg (D)
  Menkaure (D)
  A swamp drake (D)
  A sky beast (D)
  A black bear (D)
  Pargi (D)
  2 ogres (D)
  3 wolves (D)
  An earth elemental (D)
  An orc priest (D)
  An iguana (D)
  A river rat (D)
  An adder (D)
  2 ufetubi (D)
  A worm (D)
  3 orcs (D)
  2 endoplasms (D)
  A giant cockroach (D)
  A goblin (D)
  7 jackals (D)
  A bat (D)
  A frilled lizard (D)
  A kobold (D)
  A rat (D)
68 creatures vanquished.

Vanquished Creatures (collateral kills)
  An eidolon (D)
  A demonic crawler (D)
  2 two-headed ogres (D)
  Sonja (D)
  A fire crab (D)
  A gargoyle (D)
  Psyche (D)
  A merfolk (D)
  An air elemental (D)
  6 killer bees (D)
  An iguana (D)
  A kobold (D)
18 creatures vanquished.

Vanquished Creatures (others)
  A deep elf zephyrmancer (D)
1 creature vanquished.

Grand Total: 87 creatures vanquished

Notes
Turn   | Place    | Note
-------+----------+-------------------------------------------
     0 | D        | sircluck the Troll Berserker began the quest for the Orb.
     0 | D        | Reached XP level 1. HP: 22/22 MP: 0/0
    32 | D        | Found a bloodstained altar of Trog.
    32 | D        | Found a shimmering blue altar of Sif Muna.
    32 | D        | Found a viscous altar of Jiyva.
    32 | D        | Found a hazy altar of Hepliaklqana.
    32 | D        | Found an opulent altar of Gozag.
    33 | D        | Found a glowing golden altar of the Shining One.
    33 | D        | Found a glowing silver altar of Zin.
    33 | D        | Found a basalt altar of Yredelemnul.
    33 | D        | Found a shimmering altar of Xom.
    33 | D        | Found an ornate altar of the Wu Jian Council.
    33 | D        | Found a sacrificial altar of Ru.
    33 | D        | Found a stormy altar of Qazlal.
    33 | D        | Found an iron altar of Okawaru.
    33 | D        | Found a sparkling altar of Nemelex Xobeh.
    33 | D        | Found a burning altar of Makhleb.
    33 | D        | Found a blossoming altar of Fedhas.
    33 | D        | Found a white marble altar of Elyvilon.
    33 | D        | Found a shadowy altar of Dithmenos.
    33 | D        | Found a snail-covered altar of Cheibriados.
    35 | D        | Found a radiant altar of Vehumet.
    35 | D        | Found a corrupted altar of Lugonu.
    36 | D        | Found a hide-covered altar of Uskayaw.
    36 | D        | Found an ancient bone altar of Kikubaaqudgha.
    36 | D        | Found a broken altar of Ashenzari.
    75 | D        | Reached ** piety under Trog
    90 | D        | Reached XP level 2. HP: 31/31 MP: 1/1
    91 | D        | Reached *** piety under Trog
    92 | D        | Reached skill level 4 in Unarmed Combat
   105 | D        | Reached **** piety under Trog
   106 | D        | Reached skill level 5 in Unarmed Combat
   106 | D        | Reached XP level 3. HP: 37/39 MP: 2/2
   159 | D        | Noticed a black bear
   160 | D        | Noticed Menkaure
   177 | D        | Killed a black bear
   178 | D        | Reached skill level 5 in Fighting
   178 | D        | Reached skill level 5 in Dodging
   178 | D        | Reached skill level 6 in Unarmed Combat
   178 | D        | Reached XP level 4. HP: 38/50 MP: 3/3
   178 | D        | Reached XP level 5. HP: 44/57 MP: 4/4
   179 | D        | Reached ***** piety under Trog
   182 | D        | Killed Menkaure
   183 | D        | Reached skill level 7 in Unarmed Combat
   183 | D        | Reached XP level 6. HP: 53/68 MP: 5/5
   205 | D        | Noticed a sky beast
   212 | D        | Killed a sky beast
   213 | D        | Reached skill level 8 in Unarmed Combat
   240 | D        | Received a gift from Trog
   241 | D        | Noticed Josephine
   251 | D        | HP: 3/69 [Josephine/+2 dagger of venom (4)]
   255 | D        | Killed Josephine
   256 | D        | Reached skill level 10 in Unarmed Combat
   256 | D        | Reached XP level 7. HP: 6/83 MP: 6/6
   256 | D        | Reached XP level 8. HP: 6/92 MP: 7/7
   331 | D        | Noticed a flying skull
   339 | D        | Reached skill level 11 in Unarmed Combat
   340 | D        | Killed a flying skull
   358 | D        | Noticed an orange demon
   358 | D        | Noticed a glass eye
   366 | D        | Killed a glass eye
   366 | D        | Received a gift from Trog
   371 | D        | Killed an orange demon
   371 | D        | Noticed Pargi
   372 | D        | Reached skill level 10 in Fighting
   372 | D        | Reached skill level 10 in Dodging
   376 | D        | Killed Pargi
   377 | D        | Reached skill level 12 in Unarmed Combat
   485 | D        | Noticed Grum
   501 | D        | Reached skill level 1 in Armour
   501 | D        | Reached XP level 9. HP: 70/102 MP: 8/8
   556 | D        | Killed Grum
   667 | D        | Reached ****** piety under Trog
   667 | D        | Received a gift from Trog
   692 | D        | Noticed Psyche
   692 | D        | Noticed a two-headed ogre
   692 | D        | Noticed a deep elf zephyrmancer
   726 | D        | Killed a two-headed ogre
   728 | D        | Killed a deep elf zephyrmancer
   728 | D        | Killed Psyche
   729 | D        | Reached skill level 13 in Unarmed Combat
   789 | D        | Noticed a bog body
   794 | D        | Killed a bog body
   795 | D        | Reached skill level 5 in Armour
   813 | D        | Noticed a kobold demonologist
   821 | D        | Killed a shadow wraith
   821 | D        | Received a gift from Trog
   822 | D        | Reached XP level 10. HP: 115/115 MP: 9/9
  1033 | D        | Noticed a gargoyle
  1033 | D        | Noticed Sonja
  1039 | D        | Killed a gargoyle
  1040 | D        | Reached skill level 14 in Unarmed Combat
  1041 | D        | Killed Sonja
  1046 | D        | Noticed a two-headed ogre
  1052 | D        | Killed a two-headed ogre
  1131 | D        | Received a gift from Trog
  1201 | D        | Noticed a death yak
  1203 | D        | Reached XP level 11. HP: 126/126 MP: 10/10
  1210 | D        | Killed a death yak
  1210 | D        | Received a gift from Trog
  1211 | D        | Reached skill level 15 in Unarmed Combat
  1308 | D        | Gained mutation: You are dopey. (Int -2) [potion of
                  | mutation]
  1308 | D        | Gained mutation: You are resistant to electric shocks.
                  | (rElec) [potion of mutation]
  1308 | D        | Gained mutation: You are partially covered in iridescent
                  | scales. (AC +2) [potion of mutation]
  1309 | D        | Lost mutation: You are partially covered in iridescent
                  | scales. (AC +2) [potion of mutation]
  1309 | D        | Lost mutation: You are dopey. (Int -2) [potion of mutation]
  1309 | D        | Lost mutation: You are resistant to electric shocks.
                  | (rElec) [potion of mutation]
  1309 | D        | Gained mutation: You have a beak for a mouth. [potion of
                  | mutation]
  1309 | D        | Gained mutation: Your body sometimes deteriorates upon
                  | taking damage. [potion of mutation]
  1309 | D        | Gained mutation: You have large cloven feet. [potion of
                  | mutation]
  1310 | D        | Lost mutation: You have a beak for a mouth. [potion of
                  | mutation]
  1310 | D        | Lost mutation: Your body sometimes deteriorates upon taking
                  | damage. [potion of mutation]
  1310 | D        | Gained mutation: You are weak. (Str -2) [potion of
                  | mutation]
  1310 | D        | Gained mutation: You are somewhat resistant to further
                  | mutation. [potion of mutation]
  1311 | D        | Lost mutation: You are weak. (Str -2) [potion of mutation]
  1311 | D        | Lost mutation: You have large cloven feet. [potion of
                  | mutation]
  1311 | D        | Lost mutation: You are somewhat resistant to further
                  | mutation. [potion of mutation]
  1311 | D        | Gained mutation: You are weak. (Str -2) [potion of
                  | mutation]
  1311 | D        | Gained mutation: You occasionally lose the ability to drink
                  | potions when taking damage. [potion of mutation]
  1311 | D        | Gained mutation: You are strong-willed. (Will+) [potion of
                  | mutation]
  1320 | D        | Noticed a demonic crawler
  1323 | D        | Killed a demonic crawler
  1348 | D        | Noticed a fire crab
  1348 | D        | Noticed an eidolon
  1350 | D        | Killed an eidolon
  1350 | D        | Received a gift from Trog
  1352 | D        | Killed a fire crab
  1395 | D        | Noticed Eustachio
  1395 | D        | Noticed Gastronok
  1403 | D        | Killed Gastronok
  1403 | D        | Received a gift from Trog
  1404 | D        | Reached skill level 16 in Unarmed Combat
  1414 | D        | Killed Eustachio
  1455 | D        | Identified the +10 quick blade of the Egg {heavy, rElec rC+
                  | Dex+2} (Trog gifted it to you in the Dungeon)
  1455 | D        | Received a gift from Trog
  1486 | D        | Noticed a death yak
  1500 | D        | Killed a death yak
  1558 | D        | Noticed Joseph
  1575 | D        | Killed Joseph
  1576 | D        | Reached skill level 10 in Armour
  1578 | D        | Slain by a wyvern

Illustrated notes

Levels and vault maps discovered:
D:        pitsprint [storerooms_1, entrance_room_1, metal_vault_8, armoury_2,
          mini_pit_1, grid_room_1, main_hall_1, silver_pit, the_coven_1,
          the_vestibule_1, steel_vault_5, golden_pit, hallway_of_sentries,
          crystal_vault_2, iron_vault_2, final_vault]

Skill      XL: |  1  2  3  4  5  6  7  8  9 10 11 |
---------------+----------------------------------+-----
Fighting       | 3 4 5 6 9 10 11 12 14 | 14.1
Dodging        | 3 4 5 6 8 10 11 12 14 | 14.0
Unarmed Combat | 5 6 7 10 12 13 14 16 | 16.4
Armour         | 1 5 7 10 | 10.0

Action                     |  1- 3 |  4- 6 |  7- 9 | 10-12 || total
---------------------------+-------+-------+-------+-------++-------
  Melee: Unarmed           |    39 |    29 |    78 |   109 ||   255
         Punch             |       |     1 |     4 |     7 ||    12
 Invoke: Berserk           |       |       |     3 |       ||     3
         Brothers in Arms  |       |       |     1 |     2 ||     3
    Use: Potion            |       |     1 |       |     6 ||     7
   Stab: Sleeping          |     2 |     1 |       |       ||     3
         Confused          |       |       |     1 |       ||     1
 Armour: Animal skin       |    43 |    11 |    50 |    68 ||   172
         Skin              |       |       |     7 |       ||     7
  Dodge: Dodged            |    34 |    12 |    57 |    81 ||   184

Table legend: (Time is in decaauts)
 A = Elapsed time spent in this place.
 B = Non-inter-level travel time spent in this place.
 C = Inter-level travel time spent in this place.
 D = Time resting spent in this place.
 E = Time spent auto-exploring this place.
 F = Levels seen in this place.
 G = Mean time per level.
                   A        B        C        D        E       F      G
               +--------+--------+--------+--------+--------+-----+--------+
         Total |   1582 |   1574 |      8 |    473 |    266 |   1 | 1582.0 |
       Dungeon |   1582 |   1574 |      8 |    473 |    266 |   1 | 1582.0 |
               +--------+--------+--------+--------+--------+-----+--------+

Top non-repeatable levels by time:
       D: 1582 daAuts
